[Event "Titled Tuesday Blitz November 07 Early 2023"]
[White "Kosteniuk, Alexandra"]
[Black "Samarth J Rao"]
[WhiteFideId "4128125"]
[BlackFideId "46652370"]
[WhiteElo "2699"]
[BlackElo "2051"]
[Result "0-1"]
[Round "3"]
[TimeControl "180+1"]
[Date "2023.11.07"]
[WhiteClock "0:00:06"]
[BlackClock "0:00:02"]
[Board "69"]

1. c4 e5 2. Nc3 Nf6 3. g3 c6 4. d4 exd4 5. Qxd4 d5 6. Bg2 Be6 7. cxd5 cxd5 8. Nf3 Nc6 9. Qa4 Be7 10. Nd4 Qd7 11. O-O O-O 12. Rd1 Rfd8 13. Bg5 h6 14. Bf4 a6 15. Nxc6 bxc6 16. e4 Qa7 17. Qxc6 Ng4 18. Rf1 Bc5 19. exd5 Rac8 20. Qa4 Bd7 21. Qc2 g5 22. Bc1 Bb5 23. Nxb5 axb5 24. Qe2 Nxf2 25. b4 Bd4 26. Bb2 Bxb2 27. Rab1 Bd4 28. h4 gxh4 29. gxh4 Ne4+ 30. Kh2 Qc7+ 31. Kh1 Ng3+ 0-1


[Site "https://www.chess.com"]

[Event "Titled Tuesday Blitz November 07 Early 2023"]
[White "Ben Artzi, Ido"]
[Black "Le, Tuan Minh"]
[WhiteFideId "2810913"]
[BlackFideId "12401153"]
[WhiteElo "2525"]
[BlackElo "3070"]
[Result "0-1"]
[Round "3"]
[TimeControl "180+1"]
[Date "2023.11.07"]
[WhiteClock "0:00:03"]
[BlackClock "0:00:53"]
[Board "70"]

1. d4 d5 2. c4 c6 3. cxd5 cxd5 4. Bf4 Nf6 5. Nc3 Nc6 6. e3 a6 7. Be2 Bf5 8. Rc1 e6 9. Qb3 Ra7 10. Nf3 Bd6 11. Ne5 Bxe5 12. Bxe5 O-O 13. Bg3 b5 14. O-O Qd7 15. a4 b4 16. Na2 Ne4 17. Nxb4 Rb7 18. Bb5 Na5 19. Bxd7 Nxb3 20. Rc8 Rxc8 21. Bxc8 Rxb4 22. Bxa6 Rxa4 23. Be5 Rxa6 0-1


[Site "https://www.chess.com"]

[Event "Titled Tuesday Blitz November 07 Early 2023"]
[White "Tsydypov, Zhamsaran"]
[Black "topce"]
[WhiteFideId "4108566"]
[WhiteElo "3009"]
[BlackElo "2525"]
[Result "1-0"]
[Round "3"]
[TimeControl "180+1"]
[Date "2023.11.07"]
[WhiteClock "0:01:42"]
[BlackClock "0:00:17"]
[Board "71"]

1. d4 Nf6 2. c4 e6 3. Nf3 c5 4. g3 cxd4 5. Nxd4 Bb4+ 6. Bd2 Bxd2+ 7. Qxd2 O-O 8. Bg2 d5 9. cxd5 Nxd5 10. O-O Na6 11. e4 Nf6 12. e5 Nd5 13. Nc3 Nxc3 14. Qxc3 Qb6 15. a4 Qb4 16. Rfc1 Qe7 17. Nb5 Nb4 18. Nd6 Nd5 19. Qd4 b6 20. Bxd5 exd5 21. Qxd5 Be6 22. Qe4 Qg5 23. f4 Qg4 24. Rc7 h5 25. Rf1 h4 26. Qf3 Qxf3 27. Rxf3 hxg3 28. hxg3 Bd5 29. Rd3 Be6 30. f5 Ba2 31. Kf2 Rfd8 32. Ke3 a6 33. Ra3 Bd5 34. g4 Rab8 35. Rd3 Ba2 36. b4 b5 37. a5 Ra8 38. Rd2 Bb3 39. Rc3 Bc4 40. Nxc4 bxc4 41. Rxd8+ Rxd8 42. Rxc4 Rd1 43. Rc6 Rb1 44. Rb6 Kh7 45. Kf4 Rf1+ 46. Kg5 Re1 47. Rxa6 Rxe5 48. Rb6 Re4 49. a6 f6+ 50. Kh4 Re3 51. g5 Re4+ 52. Kh5 fxg5 53. a7 Re8 54. Rb8 1-0


[Site "https://www.chess.com"]

[Event "Titled Tuesday Blitz November 07 Early 2023"]
[White "Ibarra Jerez, Jose Carlos"]
[Black "Manukyan, Artyom"]
[WhiteFideId "2226332"]
[BlackFideId "13305786"]
[WhiteElo "2987"]
[BlackElo "2524"]
[Result "1-0"]
[Round "3"]
[TimeControl "180+1"]
[Date "2023.11.07"]
[WhiteClock "0:00:21"]
[BlackClock "0:00:00"]
[Board "72"]

1. e4 c5 2. Nf3 d6 3. c3 Nf6 4. h3 g6 5. Bd3 Bg7 6. Bc2 O-O 7. O-O Nc6 8. d4 e5 9. d5 Ne7 10. c4 Nh5 11. Nc3 h6 12. Nh2 Nf4 13. Re1 f5 14. exf5 Nxf5 15. Bxf4 exf4 16. Nf3 Qf6 17. Qd2 g5 18. Qd3 Bd7 19. Ne4 Qg6 20. Rab1 Rae8 21. b4 b6 22. bxc5 bxc5 23. Rb7 Rf7 24. Rxa7 Ref8 25. Rb1 g4 26. hxg4 Qxg4 27. Rbb7 Bc8 28. Rxf7 Rxf7 29. Rxf7 Kxf7 30. Qb3 Bf8 31. Qb8 Nd4 32. Nxd4 cxd4 33. Nxd6+ Bxd6 34. Qxd6 h5 35. Qc7+ 1-0


[Site "https://www.chess.com"]

[Event "Titled Tuesday Blitz November 07 Early 2023"]
[White "Makarian, Rudik"]
[Black "Pham, Le Thao Nguyen"]
[WhiteFideId "44105681"]
[BlackFideId "12401226"]
[WhiteElo "2953"]
[BlackElo "2523"]
[Result "1-0"]
[Round "3"]
[TimeControl "180+1"]
[Date "2023.11.07"]
[WhiteClock "0:03:01"]
[BlackClock "0:01:46"]
[Board "73"]

1. d4 Nf6 2. c4 c6 3. Nf3 d5 4. Nc3 a6 5. g3 dxc4 6. Bg2 b5 7. Ne5 Bb7 8. O-O e6 9. b3 b4 10. bxc4 bxc3 11. Rb1 Qc8 12. Qb3 Ra7 13. Qb6 c2 14. Rb3 Ra8 15. Qxb7 Qxb7 16. Rxb7 Bd6 17. Nxf7 1-0


[Site "https://www.chess.com"]

[Event "Titled Tuesday Blitz November 07 Early 2023"]
[White "Toktomushev, Teimur"]
[Black "Galchenko, Matvey"]
[WhiteFideId "14176726"]
[BlackFideId "24175480"]
[WhiteElo "2521"]
[BlackElo "2949"]
[Result "0-1"]
[Round "3"]
[TimeControl "180+1"]
[Date "2023.11.07"]
[WhiteClock "0:00:00"]
[BlackClock "0:00:07"]
[Board "74"]

1. d4 Nf6 2. c4 c5 3. d5 e6 4. Nc3 exd5 5. cxd5 d6 6. Nf3 g6 7. Nd2 Bg7 8. e4 O-O 9. Be2 Re8 10. O-O Nbd7 11. h3 a6 12. a4 Rb8 13. a5 b5 14. axb6 Qxb6 15. Nc4 Qc7 16. Bf4 Bf8 17. Qc2 Rb4 18. Rfe1 Nb6 19. b3 Nxc4 20. Bxc4 Rb6 21. Ra4 Nd7 22. Rea1 Nb8 23. e5 dxe5 24. Be3 Kg7 25. f3 f5 26. Ra5 Bd6 27. Qf2 Nd7 28. Bxa6 Rxb3 29. Bxc8 Qxc8 30. Nb5 Bf8 31. Na7 Qc7 32. Nc6 Qd6 33. Ra7 Kg8 34. Na5 Rbb8 35. Rd1 Rb4 36. Nc6 Rb5 37. Raa1 c4 38. f4 Rxd5 39. Rxd5 Qxd5 40. Nxe5 Nxe5 41. fxe5 Qxe5 42. Bd4 Bc5 43. Bxe5 Bxf2+ 44. Kxf2 Rxe5 45. Ra8+ Kf7 46. Rc8 Re4 47. Rc7+ Ke6 48. Rxh7 Kd5 49. Rd7+ Kc5 50. Rc7+ Kd4 51. Rc6 g5 52. Rd6+ Ke5 53. Rc6 Kd5 54. Rc8 Kd4 55. Rd8+ Kc3 56. Rf8 Re5 57. Rg8 f4 58. Kf3 Kb2 59. Kg4 c3 60. Rb8+ Kc1 61. Rc8 c2 62. g3 fxg3 63. Kxg3 Rd5 64. Kg4 Kd2 65. Rxc2+ Kxc2 0-1


[Site "https://www.chess.com"]

[Event "Titled Tuesday Blitz November 07 Early 2023"]
[White "Yeletsky, Ivan"]
[Black "HeroRubiksCube"]
[WhiteFideId "24180327"]
[WhiteElo "2946"]
[BlackElo "2521"]
[Result "1-0"]
[Round "3"]
[TimeControl "180+1"]
[Date "2023.11.07"]
[WhiteClock "0:00:56"]
[BlackClock "0:00:26"]
[Board "75"]

1. e4 e6 2. Qe2 c5 3. Nf3 Nc6 4. g3 g6 5. Bg2 Bg7 6. O-O Nge7 7. c3 O-O 8. Rd1 d5 9. e5 a6 10. d4 Qb6 11. Na3 cxd4 12. cxd4 Bd7 13. h4 Na5 14. h5 Rac8 15. h6 Bh8 16. Bg5 Rfe8 17. b3 Bb5 18. Qd2 Nac6 19. Rac1 a5 20. Nxb5 Qxb5 21. Bf1 Qb6 22. Qf4 Qd8 23. g4 Nb8 24. Bb5 Rxc1 25. Rxc1 Nd7 26. Bxd7 Qxd7 27. Bf6 Rc8 28. Rxc8+ Nxc8 29. Bxh8 f5 30. exf6 Nd6 31. Ne5 Qc7 32. f7+ Nxf7 33. Qxf7+ Qxf7 34. Nxf7 Kxf7 35. g5 Ke7 36. Be5 Kd7 37. Kf1 b5 38. a4 1-0


[Site "https://www.chess.com"]

[Event "Titled Tuesday Blitz November 07 Early 2023"]
[White "Dushyant Sharma"]
[Black "Kovalev, Vladislav"]
[WhiteFideId "25065130"]
[BlackFideId "13504398"]
[WhiteElo "2521"]
[BlackElo "2917"]
[Result "0-1"]
[Round "3"]
[TimeControl "180+1"]
[Date "2023.11.07"]
[WhiteClock "0:00:01"]
[BlackClock "0:00:23"]
[Board "76"]

1. e4 e5 2. Nf3 Nc6 3. Nc3 Nf6 4. Bb5 Bb4 5. O-O Bxc3 6. bxc3 d6 7. d3 O-O 8. Bg5 h6 9. Bh4 Qe7 10. Re1 Nd8 11. d4 Bg4 12. h3 Bh5 13. g4 Bg6 14. Bd3 Qe6 15. Bg3 Nd7 16. Nh4 Bh7 17. Nf5 f6 18. Rb1 b6 19. Qe2 Kh8 20. Qe3 Qe8 21. Kh2 Ne6 22. Bb5 Rd8 23. a4 a5 24. Rbd1 h5 25. dxe5 fxe5 26. Bh4 Qf7 27. Bxd8 Rxd8 28. Nxd6 cxd6 29. Rxd6 Nec5 30. Red1 Bg8 31. R1d2 Qe7 32. f3 Be6 33. Kg2 Rf8 34. Qf2 Nxe4 35. Rxd7 Bxd7 36. Rxd7 Qxd7 37. Qh4 0-1


[Site "https://www.chess.com"]

[Event "Titled Tuesday Blitz November 07 Early 2023"]
[White "TimGrutter03"]
[Black "Ashraf, Artin"]
[BlackFideId "22514805"]
[WhiteElo "2520"]
[BlackElo "2887"]
[Result "0-1"]
[Round "3"]
[TimeControl "180+1"]
[Date "2023.11.07"]
[WhiteClock "0:00:00"]
[BlackClock "0:00:05"]
[Board "77"]

1. Nf3 d5 2. e3 Bf5 3. b3 Nf6 4. Bb2 e6 5. Be2 a5 6. a3 h6 7. O-O Be7 8. d3 O-O 9. Nbd2 Re8 10. Ne5 Nfd7 11. f4 Nxe5 12. fxe5 c5 13. Bg4 Bxg4 14. Qxg4 Nc6 15. Rf3 Bf8 16. Raf1 Re7 17. Rf6 g6 18. d4 cxd4 19. exd4 Bg7 20. R6f2 a4 21. b4 Qb6 22. c3 Rf8 23. h4 h5 24. Qg3 Rc7 25. Nf3 Ne7 26. Ng5 Nf5 27. Qh3 Bh6 28. g4 hxg4 29. Qxg4 Ne3 30. Qf3 Nxf1 31. Rxf1 Qb5 32. Qg3 Qe2 33. Rf2 Qd1+ 34. Kg2 Kh8 35. Qf4 Qh5 36. Qf6+ Kg8 37. Kg3 Rfc8 38. Rf3 Bxg5 39. hxg5 Qh1 40. Qf4 Qg1+ 41. Kh3 Qh1+ 42. Kg3 Rd7 43. Rf2 Qe4 44. Qxe4 dxe4 45. Re2 Rdc7 46. Re3 Kf8 47. Kf4 Ke8 48. Kxe4 Kd7 49. Bc1 Rh8 50. Rf3 Rh4+ 51. Kd3 Ke8 52. c4 b5 53. cxb5 Rxc1 54. b6 Rc6 55. Rf1 Rxb6 56. Rc1 Rb8 57. Rc7 Rd8 58. Ra7 Rhxd4+ 59. Kc3 Rd3+ 60. Kc4 Rb3 61. Rxa4 Rg3 62. Ra7 Rxg5 63. b5 Rxe5 64. b6 Re1 65. a4 Rb1 66. a5 g5 67. b7 g4 68. a6 g3 69. Ra8 g2 70. Rxd8+ Kxd8 71. a7 g1=Q 72. b8=Q+ Ke7 73. Qc7+ Kf6 74. Qd8+ Kg7 75. a8=Q Rc1+ 76. Kb5 Qc5+ 77. Ka6 Ra1+ 78. Kb7 Rb1+ 79. Ka6 Qa3+ 80. Qa5 Qxa5+ 81. Kxa5 Ra1+ 0-1


[Site "https://www.chess.com"]

[Event "Titled Tuesday Blitz November 07 Early 2023"]
[White "Taboas Rodriguez, Daniel"]
[Black "AlmasRakhmatullaev"]
[WhiteFideId "2208466"]
[WhiteElo "2517"]
[BlackElo "2886"]
[Result "0-1"]
[Round "3"]
[TimeControl "180+1"]
[Date "2023.11.07"]
[WhiteClock "0:00:58"]
[BlackClock "0:01:17"]
[Board "78"]

1. d4 d5 2. Nf3 e6 3. c4 a6 4. cxd5 exd5 5. Nc3 c6 6. e4 dxe4 7. Nxe4 Nf6 8. Nxf6+ Qxf6 9. Bc4 Be6 10. Qe2 Bb4+ 11. Bd2 Bxd2+ 12. Nxd2 O-O 13. Bxe6 fxe6 14. Nf3 Nd7 15. O-O Rae8 16. Rfe1 Nb6 17. Qe5 Nd5 18. Re4 Qg6 19. Nh4 Qh6 20. Rae1 Nf6 21. Rf4 g5 22. Rxf6 Qxf6 23. Nf3 h6 24. h3 Qxe5 25. Nxe5 Rd8 26. Nf3 Kf7 27. g4 Ke7 28. Kg2 Rf4 29. Re3 Rd5 30. b3 Ra5 31. a4 Rd5 32. Kg3 Kd6 33. h4 Rf8 34. hxg5 hxg5 35. Re5 Rxf3+ 36. Kxf3 Rxe5 37. dxe5+ Kxe5 38. Ke3 a5 39. f3 b6 40. Kd3 Kf4 41. Ke2 e5 42. Kf2 e4 43. fxe4 Kxe4 44. Ke2 Kf4 0-1


[Site "https://www.chess.com"]

[Event "Titled Tuesday Blitz November 07 Early 2023"]
[White "Donchenko, Alexander"]
[Black "Ahmad, Khagan"]
[WhiteFideId "24603295"]
[BlackFideId "13431552"]
[WhiteElo "2875"]
[BlackElo "2516"]
[Result "1-0"]
[Round "3"]
[TimeControl "180+1"]
[Date "2023.11.07"]
[WhiteClock "0:01:26"]
[BlackClock "0:00:00"]
[Board "79"]

1. e4 c5 2. Nf3 d6 3. d4 cxd4 4. Nxd4 Nf6 5. Nc3 a6 6. g3 e5 7. Nde2 Be6 8. Bg2 Be7 9. O-O O-O 10. Re1 Nbd7 11. a4 Rc8 12. a5 Qc7 13. h3 Rfd8 14. Be3 Qc6 15. Qd2 Nc5 16. Nd5 Bxd5 17. exd5 Qd7 18. b4 Na4 19. c3 e4 20. Bg5 h6 21. Bxf6 Bxf6 22. Ra3 b5 23. axb6 Nxb6 24. Rxa6 Nc4 25. Qa2 Ne5 26. Ra7 Qf5 27. Nd4 Qh5 28. Bxe4 Qxh3 29. Nc6 Ng4 30. Nxd8 Bxd8 31. Bg2 Qh2+ 32. Kf1 Bb6 33. Ra8 Rxa8 34. Qxa8+ Kh7 35. Qc8 Nxf2 36. Qf5+ 1-0


[Site "https://www.chess.com"]

[Event "Titled Tuesday Blitz November 07 Early 2023"]
[White "Mikaelyan, Arman"]
[Black "Bilan, Danila"]
[WhiteFideId "13304852"]
[BlackFideId "24161918"]
[WhiteElo "2875"]
[BlackElo "2513"]
[Result "1-0"]
[Round "3"]
[TimeControl "180+1"]
[Date "2023.11.07"]
[WhiteClock "0:00:14"]
[BlackClock "0:00:00"]
[Board "80"]

1. d4 d5 2. Nf3 Nf6 3. c4 c6 4. Nc3 e6 5. g3 Ne4 6. Bg2 f5 7. O-O Bd6 8. Bf4 O-O 9. Bxd6 Qxd6 10. Rc1 Nd7 11. c5 Qc7 12. b4 a6 13. a4 e5 14. dxe5 Nxe5 15. Nd4 Bd7 16. Nb3 Rae8 17. b5 axb5 18. axb5 Ng4 19. Qd3 Nexf2 20. Rxf2 Nxf2 21. Kxf2 f4 22. Kg1 Bf5 23. Qf3 Be4 24. Nxe4 dxe4 25. Qg4 Qe5 26. gxf4 Rxf4 27. Qg3 Ref8 28. e3 R4f5 29. Qxe5 Rxe5 30. Nd4 Rf6 31. Rc2 Rg5 32. h4 Rg4 33. h5 h6 34. Kh2 Rg5 35. Bxe4 Rxh5+ 36. Kg1 Rg5+ 37. Bg2 Re5 38. bxc6 bxc6 39. Rc3 Rg5 40. Rc2 h5 41. Kh2 Re5 42. Nxc6 Rxe3 43. Nd4 1-0


[Site "https://www.chess.com"]

[Event "Titled Tuesday Blitz November 07 Early 2023"]
[White "Kravtsiv, Martyn"]
[Black "arenal72"]
[WhiteFideId "14113147"]
[WhiteElo "2856"]
[BlackElo "2512"]
[Result "1-0"]
[Round "3"]
[TimeControl "180+1"]
[Date "2023.11.07"]
[WhiteClock "0:00:15"]
[BlackClock "0:00:09"]
[Board "81"]

1. Nf3 c5 2. g3 Nc6 3. Bg2 e5 4. c4 g6 5. Nc3 Bg7 6. d3 Nge7 7. h4 h6 8. a3 O-O 9. Bd2 d6 10. Qc1 Kh7 11. h5 g5 12. Ne4 g4 13. Nfg5+ Kg8 14. f3 f5 15. Nc3 Nd4 16. fxg4 Nb3 17. Qd1 Nxd2 18. Qxd2 hxg5 19. Qxg5 Kh7 20. h6 Bf6 21. Qh5 Qe8 22. gxf5 Qxh5 23. Rxh5 Bxf5 24. Be4 Bxe4 25. Nxe4 Rad8 26. g4 Ng6 27. Kd2 Be7 28. Rah1 Nf4 29. Rf5 Rxf5 30. gxf5 Rf8 31. f6 Bxf6 32. Nxd6 b6 33. Ne4 Be7 34. e3 Ng6 35. Ke2 Rf5 36. b4 cxb4 37. axb4 Bxb4 38. d4 exd4 39. exd4 Be7 40. d5 a5 41. Ke3 Ne5 42. Kd4 Nf3+ 43. Ke3 Ng5 44. d6 Bd8 45. Kd4 Nxe4 46. Kxe4 Rf6 47. Kd5 Rxh6 48. Re1 a4 49. Re8 Bf6 50. Ra8 Rh5+ 51. Ke6 Bc3 52. Rxa4 Re5+ 53. Kf7 Rf5+ 54. Ke6 Re5+ 55. Kf7 Rc5 56. d7 Rf5+ 57. Ke6 Re5+ 58. Kd6 Re1 59. d8=Q Rd1+ 60. Kc7 Rxd8 61. Kxd8 Bd4 62. Kd7 Kg6 63. Kc6 Kf6 64. Ra6 Ke7 65. Rxb6 Bxb6 66. Kxb6 Kd7 67. c5 Kc8 68. Kc6 Kb8 69. Kd7 Kb7 70. c6+ Kb6 71. c7 1-0


[Site "https://www.chess.com"]

[Event "Titled Tuesday Blitz November 07 Early 2023"]
[White "Golizadeh, Asghar"]
[Black "LouieKov2022"]
[WhiteFideId "12505269"]
[WhiteElo "2855"]
[BlackElo "2509"]
[Result "1/2-1/2"]
[Round "3"]
[TimeControl "180+1"]
[Date "2023.11.07"]
[WhiteClock "0:00:23"]
[BlackClock "0:00:20"]
[Board "82"]

1. e4 c5 2. Nc3 d6 3. f4 g6 4. Nf3 Bg7 5. Bb5+ Bd7 6. Bc4 Nc6 7. O-O Nd4 8. d3 e6 9. Nxd4 Bxd4+ 10. Kh1 Ne7 11. e5 Bxc3 12. bxc3 d5 13. Bb3 a5 14. a4 h5 15. Be3 Qc7 16. Bf2 Nf5 17. Rb1 c4 18. dxc4 dxc4 19. Ba2 Bxa4 20. Qe2 b5 21. Kg1 O-O 22. h3 h4 23. Rbc1 Rfd8 24. Rfd1 Rxd1+ 25. Rxd1 Rd8 26. Rd2 Rd7 27. Qd1 Rxd2 28. Qxd2 b4 29. cxb4 c3 30. Qd3 axb4 31. Kh2 Kg7 32. Bb1 Qb7 33. Qd8 Bc6 34. Bxh4 Nxh4 35. Qf6+ Kg8 36. Qd8+ Kg7 37. Qf6+ Kg8 38. Qd8+ Kg7 1/2-1/2


[Site "https://www.chess.com"]

[Event "Titled Tuesday Blitz November 07 Early 2023"]
[White "Nenezic, Marko"]
[Black "Khater, Sherif"]
[WhiteFideId "912123"]
[BlackFideId "2034280"]
[WhiteElo "2853"]
[BlackElo "2506"]
[Result "1-0"]
[Round "3"]
[TimeControl "180+1"]
[Date "2023.11.07"]
[WhiteClock "0:00:44"]
[BlackClock "0:00:21"]
[Board "83"]

1. Nf3 Nf6 2. c4 c5 3. Nc3 Nc6 4. d4 cxd4 5. Nxd4 g6 6. e4 d6 7. Be2 Bg7 8. Be3 O-O 9. O-O Bd7 10. Nc2 a6 11. f3 Rc8 12. Qd2 Ne5 13. b3 Qc7 14. Nb4 Qb8 15. Nbd5 Nxd5 16. Nxd5 Rfe8 17. Nb6 Rcd8 18. Rad1 Bc6 19. Bg5 Qa7 20. Be3 Qb8 21. Kh1 Nd7 22. Nd5 Nf6 23. Nb4 Bd7 24. a4 a5 25. Na2 b6 26. Nc3 Bc6 27. Bd3 Nd7 28. Bc2 Nc5 29. h4 h5 30. Bg5 Ne6 31. Be3 Nc5 32. Rfe1 Bf6 33. Bf2 Kg7 34. f4 e5 35. f5 Qc7 36. fxg6 fxg6 37. Rf1 Rf8 38. Qe3 Qe7 39. Qg3 Ne6 40. Nd5 Bxd5 41. exd5 Nd4 42. Qxg6+ Kh8 43. Qxh5+ Kg8 44. Bxd4 exd4 45. Bf5 Bxh4 46. Rxd4 Bf6 47. Rg4+ 1-0


[Site "https://www.chess.com"]

[Event "Titled Tuesday Blitz November 07 Early 2023"]
[White "ChainedDowntohell"]
[Black "Rustemov, Alexander"]
[BlackFideId "4119002"]
[WhiteElo "2502"]
[BlackElo "2835"]
[Result "0-1"]
[Round "3"]
[TimeControl "180+1"]
[Date "2023.11.07"]
[WhiteClock "0:00:00"]
[BlackClock "0:00:58"]
[Board "84"]

1. d4 d5 2. c4 c6 3. Nf3 Nf6 4. Nbd2 Bf5 5. Nh4 Be4 6. e3 e6 7. Nxe4 Nxe4 8. Nf3 Nd7 9. Bd3 f5 10. O-O Bd6 11. g3 O-O 12. Ne1 Qe7 13. f3 Nef6 14. Ng2 Rae8 15. Qc2 g6 16. Bd2 e5 17. cxd5 Nxd5 18. e4 fxe4 19. fxe4 Nb4 20. Qb3+ Kg7 21. Bxb4 Bxb4 22. a3 Ba5 23. Qxb7 Bb6 24. Kh1 exd4 25. Bc4 Ne5 26. Qxe7+ Rxe7 27. Ba2 d3 28. Rxf8 Kxf8 29. Nf4 d2 30. Kg2 Be3 31. Bb3 Rb7 32. Bd1 Rxb2 33. Kf1 Bxf4 34. gxf4 Nd3 35. Ke2 Nxf4+ 36. Ke3 g5 37. h4 h6 38. Bg4 Ng2+ 39. Kd3 Nxh4 40. Kc3 Rb5 41. Kxd2 Ke7 42. Kc3 Ng6 43. Bf5 Nh4 44. Bg4 Rc5+ 45. Kb4 Re5 46. Rd1 Rxe4+ 0-1


[Site "https://www.chess.com"]

[Event "Titled Tuesday Blitz November 07 Early 2023"]
[White "Rama, Tejas"]
[Black "Szpar, Milosz"]
[WhiteFideId "30907381"]
[BlackFideId "1184989"]
[WhiteElo "2502"]
[BlackElo "2800"]
[Result "0-1"]
[Round "3"]
[TimeControl "180+1"]
[Date "2023.11.07"]
[WhiteClock "0:00:04"]
[BlackClock "0:00:24"]
[Board "85"]

1. d4 Nf6 2. c4 c5 3. d5 e6 4. Nc3 exd5 5. cxd5 d6 6. Nf3 g6 7. Nd2 Bg7 8. e4 O-O 9. Be2 Nbd7 10. O-O Re8 11. a4 g5 12. Nc4 Nxe4 13. Nxe4 Rxe4 14. Nxd6 Rd4 15. Qc2 Nb6 16. Nxc8 Rxc8 17. Be3 Rb4 18. Qf5 Qxd5 19. Qxg5 Qxg5 20. Bxg5 Bxb2 21. Ra2 Nxa4 22. Bd1 Nc3 23. Rxa7 Nxd1 24. Rxd1 c4 25. Ra5 c3 26. Rf1 c2 27. Ra2 c1=Q 28. Bxc1 Rxc1 29. Rxc1 Bxc1 30. g3 Bh6 31. Kg2 Bf8 32. Kf3 Kg7 33. h4 h5 34. Ra5 b5 0-1


[Site "https://www.chess.com"]

[Event "Titled Tuesday Blitz November 07 Early 2023"]
[White "Minko, Dmitry"]
[Black "Nazari, Arad"]
[WhiteFideId "24188468"]
[BlackFideId "12577324"]
[WhiteElo "2498"]
[BlackElo "2782"]
[Result "0-1"]
[Round "3"]
[TimeControl "180+1"]
[Date "2023.11.07"]
[WhiteClock "0:00:02"]
[BlackClock "0:01:16"]
[Board "86"]

1. e4 c5 2. Nf3 d6 3. d4 cxd4 4. Nxd4 Nf6 5. Nc3 a6 6. f3 e6 7. Be3 b5 8. Qd2 Be7 9. O-O-O Qc7 10. Kb1 O-O 11. g4 b4 12. Nce2 d5 13. e5 Nfd7 14. f4 Nc5 15. Bg2 a5 16. h4 a4 17. g5 b3 18. cxb3 axb3 19. a3 Ba6 20. Nc3 Bd3+ 21. Ka1 Bc2 22. Nxc2 bxc2 23. Qxc2 Na4 24. Rc1 Nxb2 25. Nb5 Qxc2 26. Rxc2 Nc4 27. Rxc4 Ra5 28. Rc7 Bxa3 29. Kb1 Rxb5+ 30. Ka2 Ra5 31. Kb3 Na6 32. Rb7 Bc5 33. Bxc5 Nxc5+ 34. Kb4 Nxb7 0-1


[Site "https://www.chess.com"]

[Event "Titled Tuesday Blitz November 07 Early 2023"]
[White "Mekhitarian, Krikor Sevag"]
[Black "Lopez Martinez, Josep Manuel"]
[WhiteFideId "2107660"]
[BlackFideId "2212943"]
[WhiteElo "2778"]
[BlackElo "2498"]
[Result "1-0"]
[Round "3"]
[TimeControl "180+1"]
[Date "2023.11.07"]
[WhiteClock "0:00:06"]
[BlackClock "0:00:00"]
[Board "87"]

1. Nf3 Nf6 2. c4 e6 3. Nc3 d5 4. cxd5 exd5 5. d4 c6 6. Bf4 h6 7. e3 Bf5 8. h3 Nbd7 9. g4 Bh7 10. Bd3 Bxd3 11. Qxd3 Bb4 12. Kf1 Qe7 13. Rg1 Ne4 14. Nd2 Nxd2+ 15. Qxd2 g5 16. Bg3 f5 17. gxf5 Rf8 18. Qd3 Nb6 19. h4 O-O-O 20. hxg5 hxg5 21. Rc1 Bxc3 22. Rxc3 Rf7 23. Be5 Nc4 24. f6 Qe6 25. Rxg5 Rh8 26. b3 Nd6 27. Bxd6 Qxd6 28. Qf5+ Kb8 29. Qe5 Rxf6 30. Qxd6+ Rxd6 31. Ke2 Rf6 32. Rc1 Rh2 33. Rf1 a5 34. a4 Ka7 35. Rg7 Ka6 36. Rg5 b5 37. Rg8 Rf7 38. Rc8 Kb6 39. Rb8+ Ka6 40. Rg8 Kb6 41. Rg6 bxa4 42. bxa4 Kb7 43. Rb1+ Kc7 44. Rf1 Kb6 45. Ke1 Kc7 46. Rg3 Kd6 47. Ke2 Rb7 48. Rg6+ Kc7 49. Rg7+ Kc8 50. Rxb7 Kxb7 51. Rb1+ Kc7 52. Rc1 Rh8 53. Rc5 Ra8 54. f3 Kb6 55. Kd3 Rf8 56. f4 Rh8 57. Rc1 Rh2 58. Rf1 Kc7 59. f5 Kd7 60. f6 Ke8 61. Rc1 Ra2 62. Rxc6 Ra3+ 63. Ke2 Rxa4 64. Rd6 Kf7 65. Kf3 1-0


[Site "https://www.chess.com"]

[Event "Titled Tuesday Blitz November 07 Early 2023"]
[White "Sattarov, Bobir"]
[Black "Santos Flores, Alberto"]
[WhiteFideId "14203081"]
[BlackFideId "3601234"]
[WhiteElo "2775"]
[BlackElo "2497"]
[Result "0-1"]
[Round "3"]
[TimeControl "180+1"]
[Date "2023.11.07"]
[WhiteClock "0:00:00"]
[BlackClock "0:00:08"]
[Board "88"]

1. e4 e6 2. Qe2 c5 3. Nf3 Nc6 4. g3 g6 5. Bg2 Bg7 6. O-O Nge7 7. Re1 d6 8. c3 Rb8 9. d4 cxd4 10. cxd4 d5 11. e5 b5 12. g4 b4 13. Nbd2 Qb6 14. Nb3 Ba6 15. Qd1 Na5 16. Nc5 Nb7 17. Qa4+ Bb5 18. Qxb4 Nxc5 19. dxc5 Qc7 20. Qc3 Nc6 21. Bg5 O-O 22. Bf6 Bxf6 23. exf6 Qf4 24. g5 Rfe8 25. Ne5 Qxg5 26. a4 d4 27. Qg3 Qxg3 28. fxg3 Nxe5 29. axb5 Nd3 30. Red1 Nxc5 31. Rxd4 Nb3 32. Rda4 Nxa1 33. Rxa1 Red8 34. Bc6 Rd2 35. Rxa7 Rxb2 36. h4 h5 37. Kf1 R2xb5 38. Bxb5 Rxb5 39. Ke2 Rf5 40. Ke3 Rxf6 41. Ra5 Rf5 42. Ra4 Kg7 43. Rb4 Ra5 44. Kf3 e5 45. Rb6 Ra4 46. Kf2 Ra3 47. Rc6 f5 48. Rb6 Ra4 49. Rc6 Ra7 50. Kf3 Rf7 51. Rd6 Rf6 52. Rd7+ Kh6 53. Re7 e4+ 54. Kf4 Ra6 55. Rc7 Ra3 56. Ke5 Rxg3 57. Rc8 Kg7 58. Rc7+ Kf8 59. Kf6 Ke8 60. Ke6 Kd8 61. Rd7+ Kc8 62. Rf7 e3 63. Kd6 Rg4 64. Kc6 Kd8 65. Kd6 Kc8 66. Rf8+ Kb7 67. Rf6 e2 68. Re6 Re4 0-1


[Site "https://www.chess.com"]

[Event "Titled Tuesday Blitz November 07 Early 2023"]
[White "Mystery2007"]
[Black "Hayrapetyan, Hovik"]
[BlackFideId "13302639"]
[WhiteElo "2492"]
[BlackElo "2766"]
[Result "0-1"]
[Round "3"]
[TimeControl "180+1"]
[Date "2023.11.07"]
[WhiteClock "0:00:01"]
[BlackClock "0:01:10"]
[Board "89"]

1. Nf3 Nf6 2. b3 d5 3. Bb2 Bg4 4. c4 e6 5. e3 Nbd7 6. Be2 c6 7. h3 Bh5 8. O-O Bd6 9. d4 O-O 10. Nbd2 Ne4 11. Nxe4 dxe4 12. Nd2 Bg6 13. Bh5 Qg5 14. Bxg6 Qxg6 15. Qg4 f5 16. Qxg6 hxg6 17. h4 Nf6 18. g3 a5 19. a3 Rfc8 20. c5 Be7 21. Nc4 Nd7 22. b4 a4 23. Rfd1 Kf7 24. Rd2 Rd8 25. Rad1 g5 26. hxg5 Kg6 27. Ne5+ Nxe5 28. dxe5 Rd5 29. Rxd5 exd5 30. Kg2 Bxg5 31. Rh1 Re8 32. Bd4 Bd8 33. f4 exf3+ 34. Kxf3 Kf7 35. Kf4 Ke6 36. Rh7 g5+ 37. Kf3 Re7 38. Rxe7+ Bxe7 39. g4 Bd8 40. Kg3 Bc7 41. Kf3 Bxe5 42. Kg2 Bxd4 43. exd4 fxg4 44. Kg3 Kf5 0-1


[Site "https://www.chess.com"]